 Dungeon Crawl Stone Soup version 0.28-a0-95-g65e1ffefe4 (webtiles) character file.

Game seed: 3064204590326648053

108754 Zandan the Geomancer (level 16, -4/100 HPs)
             Began as a Gargoyle Earth Elementalist on Aug 8, 2021.
             Was a High Priest of Vehumet.
             Slain by a rockslime (34 damage)
             ... in an ice cave.
             The game lasted 01:26:54 (30949 turns).

Zandan the Geomancer (Gargoyle Earth Elementalist) Turns: 30949, Time: 01:26:54

Health: -4/100     AC: 21    Str: 15    XL:     16   Next: 50%
Magic:  3/30       EV: 15    Int: 29    God:    Vehumet [*****.]
Gold:   1471       SH:  0    Dex: 12    Spells: 17/36 levels left

rFire   + + .      SeeInvis .   g - +9 flail (vorpal)
rCold   + + .      Faith    .   (no shield)
rNeg    + . .      Spirit   .   e - +2 robe {rC+ rF+}
rPois   ∞          Reflect  .   (no helmet)
rElec   +          Harm     .   E - +0 cloak of Ozaig {Str+3}
rCorr   .          Rampage  .   (no gloves)
Will    +....                   C - +2 pair of boots
Stlth   ++........              b - amulet of regeneration
HPRegen 1.26/turn               l - ring of protection from cold
MPRegen 0.22/turn               i - +6 ring of intelligence

@: flying
A: sickness immunity, AC +12, big wings, negative energy resistance 1,
electricity resistance, torment resistance 1, petrification resistance, agile 1,
fire resistance 1
a: Renounce Religion


You were in an ice cave.
You worshipped Vehumet.
Vehumet was extremely pleased with you.
You visited 5 branches of the dungeon, and saw 25 of its levels.
You visited the Abyss 1 time.
You also visited: Ossuary and Ice Cave.

You collected 2436 gold pieces.
You spent 965 gold pieces at shops.

Inventory:

Hand Weapons
 g - a +9 vorpal flail (weapon)
Missiles
 c - 458 stones
 m - 2 throwing nets
Armour
 e - a +2 robe of resistance (worn)
 C - a +2 pair of boots (worn)
 E - the +0 cloak of Ozaig (worn) {Str+3}
   (You found it on level 6 of the Lair of Beasts)

   Str:       It affects your strength (+3).
Jewellery
 b - an amulet of regeneration (around neck)
 i - a +6 ring of intelligence (right hand)
 l - a ring of protection from cold (left hand)
 q - a +4 ring of evasion
 v - a ring of protection from fire
 G - a ring of resist corrosion
 L - the ring "Xikoez" {Ice Fly rN+ Will-}
   (You found it on level 6 of the Lair of Beasts)

   [ring of ice]

   It enhances your ice magic.
   rF:        It makes you vulnerable to fire.
   rC:        It protects you from cold.
   rN:        It protects you from negative energy.
   Fly:       It grants you flight.
   Will:      It decreases your willpower.
Wands
 d - a wand of flame (77)
 o - a wand of paralysis (3)
 r - a wand of polymorph (22)
 s - a wand of iceblast (12)
 I - a wand of digging (3)
 N - a wand of acid (12)
Scrolls
 t - 3 scrolls of amnesia
 u - 7 scrolls of teleportation
 y - 2 scrolls of fog
 B - a scroll of blinking
 H - 2 scrolls of magic mapping
 J - a scroll of fear
 K - 4 scrolls of identify
 M - a scroll of brand weapon
 O - a scroll of immolation
Potions
 a - 5 potions of lignification
 f - 12 potions of curing
 h - a potion of haste
 j - a potion of might
 k - 4 potions of magic
 n - a potion of mutation
 p - a potion of cancellation
 w - 2 potions of brilliance
 x - 4 potions of ambrosia
 z - 2 potions of resistance
 A - a potion of invisibility
 D - 5 potions of attraction
Miscellaneous
 F - a phantom mirror
 P - a phial of floods (inert)


   Skills:
 + Level 11.4 Fighting
 + Level 10.4 Maces & Flails
 - Level 6.0 Armour
 + Level 9.0 Dodging
 - Level 2.1 Stealth
 + Level 10.6 Spellcasting
 + Level 12.2 Conjurations
 - Level 0.7 Transmutations
 * Level 5.4 Fire Magic
 + Level 13.6 Earth Magic
 + Level 9.5 Evocations


You had 17 spell levels left.
You knew the following spells:

 Your Spells              Type           Power      Damage    Failure   Level
a - Sandblast             Erth           100%       2d20      0%          1
b - Stone Arrow           Conj/Erth      100%       3d13      1%          3
c - Lee's Rapid Deconstr  Erth           38%        3d20*     1%          5
d - Irradiate             Conj/Tmut      26%        3d22      1%          5
e - Bolt of Magma         Conj/Fire/Erth 33%        4d15      1%          5

Your spell library contained the following spells:

 Spells                   Type           Power      Damage    Failure   Level
 Foxfire                  Conj/Fire      100%       2x1d9     1%          1
 Passwall                 Tmut/Erth      45%        N/A       1%          2
 Static Discharge         Conj/Air       50%        N/A       1%          2
 Conjure Flame            Conj/Fire      61%        6-21      1%          3
 Inner Flame              Hex/Fire       31%        N/A       1%          3
 Fulminant Prism          Conj/Hex       25%        3d14      1%          4
 Iskenderun's Mystic Bla  Conj/Tloc      50%        2d11      1%          4
 Petrify                  Tmut/Erth      54%        N/A       1%          4
 Sticky Flame             Conj/Fire      61%        2d8       1%          4
 Animate Armour           Summ/Erth      100%       N/A       2%          4
 Leda's Liquefaction      Hex/Erth       26%        N/A       2%          4
 Lightning Bolt           Conj/Air       25%        1d41      2%          5
 Animate Skeleton         Necr           30%        N/A       3%          1
 Corona                   Hex            16%        N/A       3%          1
 Pain                     Necr           60%        1d7       3%          1
 Corpse Rot               Necr/Air       N/A        N/A       5%          2
 Ensorcelled Hibernation  Hex/Ice        30%        N/A       5%          2
 Borgnjor's Vile Clutch   Necr/Erth      26%        N/A       6%          5
 Call Canine Familiar     Summ           15%        N/A       11%         3
 Ozocubu's Armour         Ice            15%        N/A       11%         3
 Portal Projectile        Hex/Tloc       30%        N/A       11%         3
 Tukima's Dance           Hex            15%        N/A       11%         3
 Vampiric Draining        Necr           7%         2d7       11%         3
 Lehudib's Crystal Spear  Conj/Erth      37%        10d9      28%         8
 Dispel Undead            Necr           15%        3d10      34%         4
 Alistair's Intoxication  Tmut/Pois      11%        N/A       63%         5
 Eringya's Noxious Bog    Tmut/Pois      8%         N/A       71%         6
 Death Channel            Necr           7%         N/A       99%         6
 Ozocubu's Refrigeration  Ice            7%         4d6       99%         7
 Maxwell's Capacitive Co  Air            7%         ∞         100%        8


Dungeon Overview and Level Annotations

Branches:
Dungeon (15/15)            Temple (1/1) D:6            Lair (6/6) D:8
 Shoals (1/4) Lair:2       Spider (0/4) Lair:4        Slime (0/5) Lair:5
    Orc (2/2) D:10            Elf (0/3) Orc:2        Vaults (0/5) D:13
 Depths (0/5) D:15        Ossuary (visited)           IceCv (1/1)

Altars:
Ashenzari
Cheibriados
Dithmenos
Elyvilon
Fedhas
Gozag
Hepliaklqana
Kikubaaqudgha
Makhleb
Nemelex Xobeh
Okawaru
Qazlal
Ru
Sif Muna
Trog
Uskayaw
Vehumet
Wu Jian
Xom
Yredelemnul
Zin
The Shining One
Beogh
Jiyva

Shops:
D:10 (   D:13 *   Orc:2 *?:(   Shoals:1 *

Annotations:
D:13 3 runed translucent doors, HAL9000's ghost, journeyman DrTm
Lair:4 exclusion: 2 oklob plants
Shoals:1 Jorgrun; Nikola


Innate Abilities, Weirdness & Mutations

You are immune to sickness and miasma.
Your stone body is resilient. (AC +12)
You are immune to poison.
Your large and strong wings let you fly.
You resist negative energy. (rN+)
You are resistant to electric shocks. (rElec)
You are resistant to unholy torment.
You are immune to petrification.
You are agile. (Dex +2)
Your flesh is heat resistant. (rF+)


Message History

Unknown command.
You hit the rockslime but do no damage.
The rockslime is lightly wounded.
The rockslime closely misses you.
The rockslime hits you but does no damage.
Unknown command.
Unknown command.
Unknown command.
Unknown command.
Unknown command.
Unknown command.
You thump the rockslime!
The rockslime is moderately wounded.
The rockslime completely misses you.
You sock the rockslime!
The rockslime is heavily wounded.
The rockslime hits you but does no damage.
You hit the rockslime but do no damage.
The rockslime is heavily wounded.
The rockslime hits you!!
You are shoved backwards!
You hit the rockslime but do no damage.
The rockslime is heavily wounded.
The rockslime hits you!!!
You are shoved backwards!
You are too injured to fight recklessly!
You are too injured to fight recklessly!
Casting: Sandblast (safe; 0% risk of failure)
Confirm with . or Enter, or press ? or * to list all spells.
Aiming: Stone Arrow (safe; 1% risk of failure)
Press: ? - help, Shift-Dir - straight line, f/p - rockslime
Aim: a rockslime (heavily wounded, 100% to hit)
The stone arrow hits the rockslime!!
The rockslime is almost dead.
The rockslime hits you but does no damage.
Unknown command.
You feel better. The rockslime hits you!!
* * * LOW HITPOINT WARNING * * *
You are shoved backwards!
You feel better. The rockslime misses you.
You feel better. The rockslime hits you!!
You die...

##...........###
###....###. ###.........#
###....### ########.##
###.......#
#####.#####.......###
##...............###
####...........######..
##........####### ##....
##.......##########......
#.....####.@J........≈.#.
#..............#...≈≈≈...
#.....####.....###≈≈≈≈.#.
##......###.....####.≈...
###.............# ....
###.........### #..
########### #


You could see a rockslime.

Vanquished Creatures
  3 azure jellies (IceCv)
  An orc warlord (Orc:2)
  3 quicksilver oozes (IceCv)
  An ettin (Orc:2)
  A crystal guardian (Abyss:2)
  Erica (D:8)
  4 hydras
  5 boulder beetles
  A catoblepas (Lair:3)
  An ogre mage (D:15)
  5 centaur warriors
  18 death yaks
  7 two-headed ogres
  A wretched star (Abyss:2)
  A fire crab (Lair:6)
  5 skeletal warriors (D:14)
  2 orange crystal statues (IceCv)
  A wizard (D:13)
  6 orc knights (Orc:2)
  A deep elf pyromancer (D:14)
  A wolf spider (D:15)
  An orb spider (shapeshifter) (D:13)
  An oklob plant (Lair:4)
  9 ugly things
  A cyclops (D:15)
  A will-o-the-wisp (Abyss:2)
  3 manticores
  4 black mambas
  A black mamba (shapeshifter) (D:15)
  A gargoyle (D:12)
  16 cane toads
  2 kobold demonologists (D:13)
  4 rime drakes
  12 komodo dragons
  2 unseen horrors
  An entropy weaver simulacrum (IceCv)
  2 very ugly thing simulacra (IceCv)
  A polar bear (shapeshifter) (D:13)
  2 trolls (shapeshifter)
  10 polar bears
  7 trolls
  A wind drake (Lair:2)
  Prince Ribbit (D:6)
  2 merfolk (Shoals:1)
  4 hornets
  10 blink frogs
  41 slime creatures
  2 dream sheep (Lair:6)
  11 spriggans (Lair:6)
  A ynoxinul (Abyss:2)
  A centaur simulacrum (D:14)
  5 wyverns
  A shadow (D:9)
  3 basilisks
  A wraith (D:5)
  A fire bat (Abyss:2)
  44 yaks
  A steam dragon (D:8)
  10 vampire mosquitoes
  Menkaure (D:6)
  A swamp worm (shapeshifter) (D:15)
  2 two-headed ogre zombies (D:10)
  8 wargs (Orc:2)
  A demonic crawler simulacrum (IceCv)
  2 acid dragons
  18 water moccasins
  8 black bears
  A black bear (shapeshifter) (D:15)
  12 ogres
  An ice beast (D:5)
  34 orc warriors
  A sky beast (D:7)
  5 boggarts (Lair:6)
  37 wolves
  9 centaurs
  3 phantoms
  A kobold brigand (D:13)
  2 elf zombies (Ossuary)
  6 bullfrogs
  A gnoll sergeant (D:9)
  8 scorpions
  A hornet simulacrum (D:13)
  3 troll zombies (D:10)
  9 killer bees
  5 wights (D:8)
  4 howler monkeys
  3 electric eels (Lair:6)
  6 centaur zombies
  A quasit (Abyss:2)
  A human zombie (Ossuary)
  A bullfrog zombie (D:4)
  13 orc priests
  A hound (D:5)
  4 jellies
  2 centaur skeletons (D:5)
  2 bullfrog skeletons
  Jessica (D:2)
  6 hell rats (Lair:5)
  3 iguanas (D:5)
  16 orc wizards
  A killer bee zombie (D:6)
  3 ogre zombies (D:10)
  A howler monkey zombie (D:9)
  2 mummies (Ossuary)
  5 gnolls
  4 adders
  An ufetubus (Abyss:2)
  An adder zombie (D:5)
  A worm (Lair:4)
  3 dart slugs
  74 orcs
  6 endoplasms
  5 giant cockroaches
  8 goblins
  8 hobgoblins
  10 jackals
  2 quokkas
  9 ball pythons
  6 bats
  6 frilled lizards
  5 goblin zombies
  4 hobgoblin skeletons (D:10)
  16 hobgoblin zombies
  2 jackal zombies (Ossuary)
  10 kobolds
  7 kobold zombies (Ossuary)
  3 orc skeletons (D:10)
  18 orc zombies
  3 rats
  4 rat zombies (Ossuary)
762 creatures vanquished.

Vanquished Creatures (others)
  3 entropy weaver simulacra (IceCv)
  2 very ugly thing simulacra (IceCv)
  A slime creature (D:13)
  A centaur simulacrum (D:13)
  3 yaks (D:11)
  2 demonic crawler simulacra (IceCv)
  An ugly thing simulacrum (IceCv)
  A bush (Lair:6)
  2 foxfires (Abyss:2)
  30 fungi
  51 plants
  2 starspawn tentacles (Abyss:2)
99 creatures vanquished.

Grand Total: 861 creatures vanquished

Notes
Turn   | Place    | Note
-------+----------+-------------------------------------------
     0 | D:1      | Zandan the Gargoyle Earth Elementalist began the quest for
                  | the Orb.
     0 | D:1      | Reached XP level 1. HP: 10/10 MP: 3/3
   413 | D:1      | Reached skill level 4 in Earth Magic
   413 | D:1      | Reached XP level 2. HP: 6/15 MP: 1/5
   801 | D:1      | Reached XP level 3. HP: 8/19 MP: 4/6
   807 | D:1      | Learned a level 3 spell: Stone Arrow
  2041 | D:2      | Reached skill level 1 in Conjurations
  2160 | D:2      | Reached XP level 4. HP: 24/24 MP: 8/8
  2491 | D:2      | Noticed Jessica
  2498 | D:2      | Killed Jessica
  2672 | D:3      | Reached skill level 5 in Earth Magic
  2877 | D:3      | Found a faded altar of an unknown god.
  2887 | D:3      | Reached XP level 5. HP: 25/28 MP: 9/9
  3193 | D:3      | Found a bloodstained altar of Trog.
  3414 | D:4      | Noticed an ogre
  3422 | D:4      | Killed an ogre
  3423 | D:4      | Reached XP level 6. HP: 24/32 MP: 5/11
  3435 | D:4      | Found a sand-covered staircase.
  3447 | Ossuary  | Entered an ossuary
  3756 | Ossuary  | Reached skill level 6 in Earth Magic
  3881 | Ossuary  | Reached XP level 7. HP: 17/36 MP: 10/13
  4278 | D:4      | You fall into a shaft and drop 3 floors!
  4404 | D:6      | Noticed Prince Ribbit
  4414 | D:6      | Noticed a vampire mosquito
  4633 | D:6      | Killed a vampire mosquito
  4634 | D:6      | Reached skill level 1 in Fighting
  4634 | D:6      | Reached skill level 1 in Armour
  4839 | D:6      | Reached skill level 1 in Maces & Flails
  4839 | D:6      | Reached skill level 1 in Evocations
  4839 | D:6      | Reached XP level 8. HP: 28/43 MP: 15/15
  4873 | D:5      | Entered Level 5 of the Dungeon
  5106 | D:5      | Reached skill level 7 in Earth Magic
  5582 | D:5      | Reached skill level 5 in Spellcasting
  5582 | D:5      | Reached skill level 5 in Conjurations
  5789 | D:5      | Noticed a +0 short sword
  5789 | D:5      | Noticed a +0 spear
  5789 | D:5      | Noticed a +0 dagger
  5789 | D:5      | Noticed a +0 falchion
  5790 | D:5      | Noticed a +0 spear
  5790 | D:5      | Noticed a +0 short sword
  5790 | D:5      | Noticed a +0 falchion
  5790 | D:5      | Noticed a +0 dagger
  5803 | D:5      | Found a hide-covered altar of Uskayaw.
  5975 | D:5      | Identified a scroll of acquirement
  5975 | D:5      | Acquired 317 gold pieces
  6004 | D:5      | Noticed a wraith
  6297 | D:5      | Reached XP level 9. HP: 49/49 MP: 11/16
  6879 | D:6      | Killed Prince Ribbit
  6924 | D:6      | Found a staircase to the Ecumenical Temple.
  7108 | Temple   | Entered the Ecumenical Temple
  7422 | D:6      | Noticed Menkaure
  7424 | D:6      | Killed Menkaure
  7484 | D:6      | Reached skill level 8 in Earth Magic
  8072 | D:7      | Found a broken altar of Ashenzari.
  8799 | D:8      | Found a radiant altar of Vehumet.
  8845 | D:8      | Reached XP level 10. HP: 51/57 MP: 11/18
  8943 | D:8      | Noticed Erica
  8948 | D:8      | Killed Erica
  9040 | D:8      | Noticed a two-headed ogre
  9045 | D:8      | Killed a two-headed ogre
  9444 | D:8      | Reached skill level 5 in Fighting
  9453 | D:8      | Reached skill level 5 in Armour
  9700 | D:8      | Found a staircase to the Lair.
  9892 | D:9      | Reached skill level 9 in Earth Magic
  9967 | D:9      | Reached XP level 11. HP: 64/64 MP: 17/20
 10165 | D:9      | Learned a level 5 spell: Lee's Rapid Deconstruction
 10233 | D:9      | Reached skill level 5 in Maces & Flails
 10427 | D:9      | Found a shimmering altar of Xom.
 10724 | D:10     | Entered Level 10 of the Dungeon
 10872 | D:10     | Found a shimmering blue altar of Sif Muna.
 11050 | D:10     | Found Ginaifiuc's Weapon Shop.
 11365 | D:10     | Found a staircase to the Orcish Mines.
 11366 | D:10     | Noticed a two-headed ogre
 11397 | D:10     | Killed a two-headed ogre
 12040 | D:11     | Reached skill level 5 in Evocations
 12186 | D:11     | Gained mutation: You are agile. (Dex +2) [potion of
                  | mutation]
 12186 | D:11     | Gained mutation: Your flesh is heat resistant. (rF+)
                  | [potion of mutation]
 12204 | D:11     | Noticed a boulder beetle
 12211 | D:11     | Killed a boulder beetle
 12212 | D:11     | Reached skill level 5 in Dodging
 12300 | D:11     | Noticed a two-headed ogre
 12314 | D:11     | Killed a two-headed ogre
 12671 | D:11     | Reached XP level 12. HP: 71/71 MP: 20/23
 13027 | D:12     | Reached skill level 10 in Earth Magic
 13155 | D:12     | Noticed a boulder beetle
 13162 | D:12     | Killed a boulder beetle
 13252 | D:12     | Noticed a two-headed ogre
 13257 | D:12     | Killed a two-headed ogre
 13371 | D:8      | Became a worshipper of Vehumet
 13445 | D:13     | Noticed a centaur warrior
 13800 | D:13     | Noticed a centaur warrior
 13827 | D:13     | Killed a centaur warrior
 14001 | D:13     | Killed a centaur warrior
 14190 | D:13     | Cast into level 2 of the Abyss (a wizard)
 14321 | Abyss:2  | Noticed a crystal guardian
 14323 | Abyss:2  | Killed a crystal guardian
 14328 | Abyss:2  | Noticed a starcursed mass
 14357 | Abyss:2  | Noticed a wretched star
 14373 | Abyss:2  | Killed a wretched star
 14411 | Abyss:2  | Noticed a tentacled starspawn
 14415 | Abyss:2  | Noticed a reaper
 14422 | D:13     | Escaped the Abyss
 14743 | D:13     | Found a runed translucent gate.
 14743 | D:13     | Found a runed translucent gate.
 14743 | D:13     | Found a runed translucent gate.
 14749 | D:13     | Found an opulent altar of Gozag.
 14749 | D:13     | Found Goguigah's Assorted Antiques.
 14752 | D:13     | Noticed HAL9000's ghost (journeyman DrTm)
 14781 | D:13     | Reached * piety under Vehumet
 14781 | D:13     | Offered knowledge of Shock by Vehumet.
 14860 | D:13     | Noticed a boulder beetle
 14866 | D:13     | Killed a boulder beetle
 14867 | D:13     | Reached XP level 13. HP: 78/78 MP: 17/25
 15487 | D:13     | Found a gate to the Vaults.
 15619 | D:14     | Reached skill level 11 in Earth Magic
 16993 | D:14     | Offered knowledge of Freeze by Vehumet.
 17343 | D:14     | Reached ** piety under Vehumet
 17525 | Lair:1   | Entered Level 1 of the Lair of Beasts
 17552 | Lair:1   | Reached skill level 10 in Conjurations
 18779 | Lair:2   | Found a staircase to the Shoals.
 19174 | Lair:2   | Gained mutation: Your large and strong wings let you fly.
                  | [Gargoyle growth]
 19174 | Lair:2   | Reached XP level 14. HP: 86/86 MP: 7/27
 19777 | Lair:2   | Offered knowledge of Ignite Poison by Vehumet.
 20177 | Lair:3   | Reached *** piety under Vehumet
 20302 | Lair:3   | Reached skill level 12 in Earth Magic
 21257 | Lair:4   | Offered knowledge of Dazzling Flash by Vehumet.
 21347 | Lair:4   | Found a hole to the Spider Nest.
 22876 | Lair:5   | Found a viscous altar of Jiyva.
 22876 | Lair:5   | Found a staircase to the Slime Pits.
 23181 | Lair:5   | Reached **** piety under Vehumet
 23973 | Lair:6   | Entered Level 6 of the Lair of Beasts
 24035 | Lair:6   | Reached skill level 10 in Fighting
 24148 | Lair:6   | Offered knowledge of Frozen Ramparts by Vehumet.
 24153 | Lair:6   | Identified the ring "Xikoez" {Ice Fly rN+ Will-}
 24310 | Lair:6   | Reached XP level 15. HP: 92/92 MP: 5/28
 24823 | Lair:6   | Reached skill level 10 in Spellcasting
 25079 | Lair:6   | Reached ***** piety under Vehumet
 25084 | Lair:6   | Offered knowledge of Bolt of Magma by Vehumet.
 25364 | Lair:6   | Learned a level 5 spell: Bolt of Magma
 25472 | Lair:6   | Reached skill level 13 in Earth Magic
 25554 | Lair:6   | Identified the +0 cloak of Ozaig {Str+3}
 25581 | Lair:6   | Reached skill level 1 in Fire Magic
 26133 | Orc:1    | Entered Level 1 of the Orcish Mines
 26418 | Orc:2    | Entered Level 2 of the Orcish Mines
 26610 | Orc:2    | Found a staircase to the Elven Halls.
 26796 | Orc:2    | Offered knowledge of Hailstorm by Vehumet.
 26970 | Orc:2    | Noticed an orc warlord
 26984 | Orc:2    | Killed an orc warlord
 27258 | Orc:2    | Found Lesupp's Assorted Antiques.
 27258 | Orc:2    | Found Zoiqon's Magic Scroll Shoppe.
 27263 | Orc:2    | Bought a scroll of blinking for 187 gold pieces
 27263 | Orc:2    | Bought a scroll labelled ECAPOPSIFOG for 25 gold pieces
 27263 | Orc:2    | Bought a scroll of teleportation for 75 gold pieces
 27263 | Orc:2    | Bought a potion of curing for 75 gold pieces
 27277 | Orc:2    | Bought a scroll of enchant armour for 105 gold pieces
 27277 | Orc:2    | Bought a scroll of immolation for 49 gold pieces
 27277 | Orc:2    | Bought a scroll of magic mapping for 49 gold pieces
 27367 | Orc:2    | Reached skill level 10 in Maces & Flails
 27501 | Orc:2    | Found Neviniagoe's Book Shop.
 27501 | Orc:2    | Found Xeaz's Weapon Shoppe.
 27804 | Orc:2    | Bought a potion of ambrosia for 200 gold pieces
 27804 | Orc:2    | Bought a wand of acid (12) for 200 gold pieces
 27998 | D:15     | Entered Level 15 of the Dungeon
 28393 | D:15     | Found a staircase to the Depths.
 28685 | D:15     | Reached XP level 16. HP: 97/100 MP: 21/30
 29130 | D:15     | Identified the +1 leather armour of the Dice {Rampage rCorr
                  | Str+3 Int+4}
 29250 | D:15     | Found a bloodstained altar of Trog.
 29927 | Shoals:1 | Entered Level 1 of the Shoals
 29954 | Shoals:1 | Found Bules's Assorted Antiques.
 29978 | Shoals:1 | Noticed Nikola
 29978 | Shoals:1 | Noticed Jorgrun
 29983 | Shoals:1 | Found a frozen archway.
 30001 | IceCv    | Entered an ice cave
 30321 | IceCv    | Offered knowledge of Irradiate by Vehumet.
 30748 | IceCv    | Reached skill level 5 in Fire Magic
 30851 | IceCv    | Learned a level 5 spell: Irradiate
 30924 | IceCv    | Noticed an azure jelly
 30926 | IceCv    | Noticed an azure jelly
 30927 | IceCv    | Killed an azure jelly
 30930 | IceCv    | Noticed an azure jelly
 30930 | IceCv    | Noticed a rockslime
 30934 | IceCv    | Killed an azure jelly
 30937 | IceCv    | Killed an azure jelly
 30949 | IceCv    | Slain by a rockslime

Illustrated notes

Levels and vault maps discovered:
D:1:      nzn_arrival_water_spiral, layout_basic, minmay_vboxes
D:2:      layout_basic, minmay_misc_feat_secret_circle, uniq_jessica
D:3:      layout_rooms, trog_book, hellmonk_ecumenical_altar_lost_god,
          chequers_hall_statues_wall_a, corexii_hall_statues_i,
          kennysheep_generic_room_9
D:4:      layout_cave_pools, enter_ossuary_1
D:5:      layout_gridville, nicolae_uskayaw_en_pointe, hangedman_decor_opposing
D:6:      layout_basic, minmay_temple_entry_gardened_gates, uniq_menkaure,
          uniq_prince_ribbit1
D:7:      layout_loops_ring, amcnicky_altar_gilded
D:8:      layout_gridville, fiery_altar_vehumet, lair_entry_dummy,
          minmay_misc_feat_more_columns, uniq_erica
D:9:      layout_irregular_city, xom_teletrap_fun
D:10:     layout_grid_maze, nicolae_overflow_crystal_walls, zombieorc2_lemuel,
          serial_shops, shop
D:11:     layout_cross
D:12:     layout_loops_ring, chequers_garden
D:13:     layout_long_grid, david_vaults_4, ebering_ghost_gozag
D:14:     layout_rooms
D:15:     hangedman_depths_entry_try_elsewhere_first, layout_long_grid,
          trog_three_pillars_becter, minivault_5
Temple:   eino_temple_rhombus
Lair:1:   layout_concentric_octagons, lemuel_fruit_tree,
          infiniplex_staircase_pool, grunt_megastairs_2, lemuel_fruit_fields
Lair:2:   layout_hall_layers, minmay_shoals_entry_beasts
Lair:3:   layout_hall_layers, serial_bayou_pond_c
Lair:4:   layout_cave_pods, nicolae_spider_entry_non_spiders,
          infiniplex_staircase_pool_2, minmay_lair_oklob_chamber,
          serial_bayou_shore_b, lemuel_fruit_fields
Lair:5:   layout_cave_pods, dpeg_slime_entry_enclosed_altar, beast_lair_carwin_7
Lair:6:   minmay_lair_end_enchanted_forest, layout_regular_city,
          grunt_megastairs_3, lemuel_fruit_fields, serial_bayou_shore_a
Shoals:1: layout_shoals, serial_shops, nicolae_lakefront_shop,
          portal_ice_cave_entry_pillars_1, nicolae_shoals_lost_giant_pillars,
          nicolae_shoals_stone_sculpture_thing, uniq_nikola, uniq_jorgrun
Orc:1:    layout_diamond_mine, basic_altar
Orc:2:    st_orc_town, layout_diamond_mine, basic_altar
IceCv:    ice_cave_hellmonk_azure_passage

Skill      XL: |  1  2  3  4  5  6  7  8  9 10 11 12 13 14 15 16 |
---------------+-------------------------------------------------+-----
Earth Magic    | 4 5 6 7 8 9 10 11 12 13 | 13.6
Conjurations   | 1 2 3 4 5 6 7 8 9 10 11 12 | 12.2
Spellcasting   | 3 4 5 6 7 8 9 10 | 10.6
Fighting       | 1 2 4 5 6 8 9 10 11 | 11.4
Armour         | 1 2 4 5 6 |  6.0
Maces & Flails | 1 2 3 4 6 7 8 9 10 | 10.4
Dodging        | 2 3 4 5 6 7 8 9 |  9.0
Evocations     | 1 2 3 4 5 6 7 8 9 |  9.5
Fire Magic     | 3 5 |  5.4
Stealth        | |  2.1
Transmutations | |  0.7

Action                   |  1- 3 |  4- 6 |  7- 9 | 10-12 | 13-15 | 16-18 || total
-------------------------+-------+-------+-------+-------+-------+-------++-------
Melee: Rapier            |    38 |       |       |       |       |       ||    38
       Short sword       |     7 |       |       |       |       |       ||     7
       Dagger            |    29 |   200 |   126 |   184 |       |       ||   539
       Flail             |       |       |       |    37 |   727 |    40 ||   804
 Cast: Sandblast         |    12 |    23 |    48 |   121 |   123 |    39 ||   366
       Stone Arrow       |       |       |    27 |    86 |   229 |     1 ||   343
       Lee's Rapid Decon |       |       |       |    18 |    55 |    28 ||   101
       Bolt of Magma     |       |       |       |       |    43 |    32 ||    75
Evoke: Wand              |       |       |       |    35 |    30 |       ||    65
       Phantom mirror    |       |       |       |     1 |     2 |       ||     3
       Phial of floods   |       |       |       |       |       |     1 ||     1
  Use: Scroll            |     4 |     2 |    11 |    18 |    13 |     2 ||    50
       Potion            |       |       |     2 |     8 |     5 |     3 ||    18
 Stab: Sleeping          |     4 |     2 |       |       |     1 |       ||     7
       Paralysed         |       |       |       |       |    20 |       ||    20
Armor: Robe              |    31 |    79 |    51 |   225 |   331 |    24 ||   741
Dodge: Dodged            |    60 |   135 |    83 |   256 |   811 |    63 ||  1408
Block: Other             |       |       |    24 |    53 |       |       ||    77
       Reflection        |       |       |     2 |       |       |       ||     2

Table legend: (Time is in decaauts)
 A = Elapsed time spent in this place.
 B = Non-inter-level travel time spent in this place.
 C = Inter-level travel time spent in this place.
 D = Time resting spent in this place.
 E = Time spent auto-exploring this place.
 F = Levels seen in this place.
 G = Mean time per level.
                   A        B        C        D        E       F      G
               +--------+--------+--------+--------+--------+-----+--------+
         Total |  30939 |  29491 |   1448 |   4035 |  20188 |  28 | 1105.0 |
       Dungeon |  18545 |  17615 |    930 |   2462 |  12514 |  15 | 1236.3 |
        Temple |    169 |    152 |     17 |      0 |    152 |   1 |  169.0 |
          Lair |   8600 |   8224 |    376 |    721 |   6194 |   6 | 1433.3 |
        Shoals |     73 |     73 |      0 |      0 |      0 |   1 |   73.0 |
  Orcish Mines |   1711 |   1587 |    124 |      0 |    908 |   2 |  855.5 |
         Abyss |    232 |    232 |      0 |     63 |     74 |   1 |  232.0 |
       Ossuary |    661 |    661 |      0 |    248 |    126 |   1 |  661.0 |
      Ice Cave |    943 |    943 |      0 |    541 |    220 |   1 |  943.0 |
               +--------+--------+--------+--------+--------+-----+--------+

Top non-repeatable levels by time:
  Lair:6: 1945 daAuts
     D:1: 1929 daAuts
    D:14: 1883 daAuts
    D:15: 1745 daAuts
  Lair:2: 1549 daAuts
    D:13: 1515 daAuts
    D:10: 1498 daAuts
  Lair:5: 1469 daAuts
     D:5: 1456 daAuts
     D:7: 1414 daAuts
  Lair:4: 1388 daAuts
   Orc:2: 1313 daAuts
  Lair:3: 1254 daAuts
     D:8: 1093 daAuts
     D:6: 1078 daAuts
